 Dungeon Crawl Stone Soup version 0.30-a0-121-gb27577e5d9 (webtiles) character file.

Game seed: 12940795117000018966

45 KittyKat the Grave Robber (level 3, -1/24 HPs)
             Began as a Demonspawn Necromancer on Sept 14, 2022.
             Slain by a gnoll
             ... wielding a +0 spear
              (5 damage)
             ... on level 2 of the Dungeon.
             The game lasted 00:04:35 (1220 turns).

KittyKat the Grave Robber (Demonspawn Necromancer)  Turns: 1220, Time: 00:04:36

Health: -1/24      AC:  2    Str:  8    XL:     3   Next: 42%
Magic:  3/6        EV: 12    Int: 18    God:
Gold:   85         SH:  0    Dex: 19    Spells: 5/6 levels left

rFire   . . .      SeeInvis .    d - +1 short sword (drain)
rCold   . . .      Faith    .    (no shield)
rNeg    . . .      Spirit   .    a - +0 robe
rPois   .          Reflect  .    (no helmet)
rElec   .          Harm     .    (no cloak)
rCorr   .          Rampage  .    (no gloves)
Will    .....                    (no boots)
Stlth   ++........               (no amulet)
HPRegen 0.08/turn                g - +6 ring of dexterity
MPRegen 0.10/turn                (no ring)

@: no status effects
A: powered by death 1, demonic magic 1
a: no special abilities


You were on level 2 of the Dungeon.
You visited 1 branch of the dungeon, and saw 2 of its levels.

You collected 85 gold pieces.

Inventory:

Hand Weapons
 d - a +1 short sword of draining (weapon)
Armour
 a - a +0 robe (worn)
Jewellery
 g - a +6 ring of dexterity (left hand)
Scrolls
 c - a scroll of blinking {unknown}
 e - 2 scrolls of immolation {unknown}
 f - a scroll of identify {unknown}
 i - a scroll of enchant weapon {unknown}
 j - a scroll of poison {unknown}
Potions
 b - a potion of magic
 h - a potion of curing {unknown}


   Skills:
 * Level 1.0 Short Blades
 - Level 1.7 Dodging
 - Level 1.7 Stealth
 + Level 2.3 Spellcasting
 * Level 5.3 Necromancy


You had 5 spell levels left.
You knew the following spells:

 Your Spells              Type           Power      Damage    Failure   Level
a - Necrotise             Necr           84%        1d8       1%          1

Your spell library contained the following spells:

 Spells                   Type           Power      Damage    Failure   Level
 Vampiric Draining        Necr           21%        2d7       6%          3
 Animate Dead             Necr           21%        N/A       21%         4
 Agony                    Necr           21%        N/A       50%         5


Dungeon Overview and Level Annotations

Branches:
Dungeon (2/15)

Altars:

Shops:
D:1 =


Innate Abilities, Weirdness & Mutations

You regenerate a little health from kills.
Spells you cast may paralyse adjacent enemies.


Message History

The gnoll writhes in agony.
Malevolent energies surge around you.
You barely miss the gnoll.
The gnoll is heavily wounded.
The gnoll barely misses you.
You hit the gnoll.
The gnoll is severely wounded.
The gnoll hits you with a +0 whip.
You closely miss the gnoll.
The gnoll is severely wounded.
The gnoll misses you.
You hit the gnoll.
You kill the gnoll!
The kobold throws a stone.
The stone barely misses you.
Your Short Blades skill increases to level 1!
The kobold throws a stone.
The stone hits you but does no damage.
There is a stone staircase leading up here.
Casting: Necrotise (safe; 1% risk of failure)
Confirm with . or Enter, or press ? or * to list all spells.
Aiming: Necrotise (safe; 1% risk of failure)
Press: ? - help, Shift-Dir - straight line, f - kobold
Aim: a kobold, wielding a +0 short sword and quivering stones (chance to affect: 90%)
The kobold writhes in agony.
You kill the kobold!
Malevolent energies surge around you.
The dead are walking!
The gnoll barely misses your kobold skeleton.
Casting: Necrotise (safe; 1% risk of failure)
Confirm with . or Enter, or press ? or * to list all spells.
You can't see any susceptible monsters within range! (Use Z to cast anyway.) Unknown command.
There is a stone staircase leading up here.
The gnoll hits you with a +0 flail!
There is a stone staircase leading up here.
The gnoll shouts!
The gnoll hits you with a +0 flail!
* * * LOW HITPOINT WARNING * * *
Things that are here:
a +0 whip; a gnoll corpse You hit the gnoll but do no damage.
The gnoll hits you from afar with a +0 spear.
You die...

#########
#.g....(#
#@####### ~
#)# .###~~~
#g##.......
#..........
##>#.....g~
#.#(g..~..
#.#....~..
#.......rg
##.K..g..⌠


You could see 2 gnolls.

Vanquished Creatures
  A gnoll (D:2)
  An endoplasm (D:1)
  5 goblins (D:1)
  2 hobgoblins (D:1)
  2 jackals (D:1)
  A quokka (D:1)
  A ball python (D:1)
  3 bats (D:1)
  3 frilled lizards (D:1)
  7 kobolds
  A rat (D:1)
27 creatures vanquished.

Vanquished Creatures (collateral kills)
  A dart slug (D:1)
  An endoplasm (D:1)
  2 goblins (D:1)
  A hobgoblin (D:1)
5 creatures vanquished.

Grand Total: 32 creatures vanquished

Notes
Turn   | Place    | Note
-------+----------+-------------------------------------------
     0 | D:1      | KittyKat the Demonspawn Necromancer began the quest for the
                  | Orb.
     0 | D:1      | Reached XP level 1. HP: 13/13 MP: 3/3
   464 | D:1      | Gained mutation: You regenerate a little health from kills.
                  | [demonic ancestry]
   464 | D:1      | Reached XP level 2. HP: 16/19 MP: 1/5
   514 | D:1      | Reached skill level 5 in Necromancy
   539 | D:1      | Found Zimiafiu's One-of-a-Kind Rings.
   941 | D:1      | Gained mutation: Spells you cast may paralyse adjacent
                  | enemies. [demonic ancestry]
   941 | D:1      | Reached XP level 3. HP: 24/24 MP: 6/6
  1053 | D:1      | Found a faded altar of an unknown god.
  1212 | D:2      | Reached skill level 1 in Short Blades
  1220 | D:2      | Slain by a gnoll

Illustrated notes

Levels and vault maps discovered:
D:1:      dpeg_arrival_leaves_temple_mockup, layout_basic,
          chequers_ecumenical_altar_grove, nicolae_shop_unique_rings,
          minmay_tetromino_o4
D:2:      cheibrodos_helix_gallery, layout_loops_ring, basic_altar,
          minmay_misc_feat_more_columns, uniq_terence

Skill      XL: |  1  2  3 |
---------------+----------+-----
Necromancy     | 5 |  5.3
Short Blades   | 1 |  1.0
Dodging        | |  1.7
Stealth        | |  1.7
Spellcasting   | |  2.3

Action                   || total
-------------------------++-------
Melee: Unarmed           ||     2
       Short sword       ||    34
 Cast: Necrotise         ||    24
 Stab: Sleeping          ||     2
Armor: Robe              ||     6
Dodge: Dodged            ||    23

Table legend: (Time is in decaauts)
 A = Elapsed time spent in this place.
 B = Non-inter-level travel time spent in this place.
 C = Inter-level travel time spent in this place.
 D = Time resting spent in this place.
 E = Time spent auto-exploring this place.
 F = Levels seen in this place.
 G = Mean time per level.
                   A        B        C        D        E       F      G
               +--------+--------+--------+--------+--------+-----+--------+
         Total |   1218 |   1218 |      0 |    322 |    587 |   2 |  609.0 |
       Dungeon |   1218 |   1218 |      0 |    322 |    587 |   2 |  609.0 |
               +--------+--------+--------+--------+--------+-----+--------+

Top non-repeatable levels by time:
     D:1: 1188 daAuts
     D:2: 29 daAuts
